PA
CHICAGO TULA @ SOUTH BEACH BLAZE
07/03/2042
 
TOP OF THE 1ST
Chicago Tula batting - Pitching for South Beach Blaze : RHP Jeremiah Hartney
Pitching: RHP Jeremiah Hartney
Batting: LHB Karl Monks 0-0: Called Strike
0-1: Ball
1-1: Ball
2-1: SINGLE (Groundball, 34S, EV 68.1 MPH) (infield hit)
Batting: RHB Jeff Weber 0-0: Ball
1-0: Grounds into double play, 6-4-3 (Groundball, 6, EV 106.9 MPH)
Batting: LHB Cisco Gracía 0-0: Ball
1-0: Foul Ball, location: 2F
1-1: Foul Ball, location: 2F
1-2: SINGLE (Line Drive, 34D, EV 99.4 MPH)
Batting: RHB Guillermo Dettori 0-0: Ball
1-0: Called Strike
1-1: Ball
2-1: Ball
3-1: TRIPLE (Flyball, 89XD, EV 101.9 MPH)
Cisco Gracía scores
Batting: LHB Bob Fisher 0-0: Called Strike
0-1: Ball
1-1: Foul Ball, location: 2F
1-2: Ball
2-2: Foul Ball, location: 2F
2-2: Ball
3-2: Base on Balls
Batting: RHB Cédric Dumas 0-0: SINGLE (Flyball, 7S, EV 89.4 MPH)
Guillermo Dettori scores
Bob Fisher to second
Batting: LHB Mike Reynolds 0-0: Ball
1-0: Called Strike
1-1: Swinging Strike
1-2: Strikes out looking
Top of the 1st over - 2 runs, 4 hits, 0 errors, 2 left on base; Chicago 2 - South Beach 0
BOTTOM OF THE 1ST
South Beach Blaze batting - Pitching for Chicago Tula : RHP Motka Vidyasov
Pitching: RHP Motka Vidyasov
Batting: LHB Enrique Emperador 0-0: Ball
1-0: Foul Ball, location: 2F
1-1: Foul Ball, location: 2F
1-2: Fly out, F6 (Line Drive, 6, EV 70.6 MPH)
Batting: LHB Ángel López 0-0: Foul Ball, location: 2F
0-1: Ball
1-1: Swinging Strike
1-2: Ball
2-2: Ball
3-2: Base on Balls
Batting: LHB Tony Parra 0-0: Ball
1-0: SINGLE (Groundball, 4MD, EV 96.2 MPH)
Ángel López to second
Batting: RHB Zee-loo Situ 0-0: Called Strike
0-1: Swinging Strike
0-2: Fly out, F8 (Flyball, 8LM, EV 87.5 MPH)
Batting: RHB Matsuo Ino 0-0: Swinging Strike
0-1: Ball
1-1: Ball
2-1: Fly out, F8 (Flyball, 78D, EV 110.0 MPH)
Bottom of the 1st over - 0 runs, 1 hit, 0 errors, 2 left on base; Chicago 2 - South Beach 0
TOP OF THE 2ND
Chicago Tula batting - Pitching for South Beach Blaze : RHP Jeremiah Hartney
Batting: RHB Chad Brown 0-0: Ball
1-0: Called Strike
1-1: SINGLE (Groundball, 34D, EV 94.4 MPH)
Batting: RHB Joe Smith 0-0: Called Strike
0-1: Foul Ball, location: 2F
0-2: Ball
1-2: Grounds into double play, 5-4-3 (Groundball, 5, EV 103.1 MPH)
Batting: LHB Karl Monks 0-0: Swinging Strike
0-1: Ball
1-1: DOUBLE (Line Drive, 89M, EV 110.0 MPH)
Batting: RHB Jeff Weber 0-0: Ball
1-0: Foul Ball, location: 2F
1-1: SINGLE (Groundball, 5D, EV 102.5 MPH)
Karl Monks to third
Runner from 3rd tries for Home, SAFE, throw by LF to home
Jeff Weber to second
Batting: LHB Cisco Gracía 0-0: SINGLE (Groundball, 4MD, EV 105.6 MPH)
Jeff Weber to third
Runner from 3rd tries for Home, SAFE, no throw by CF
Batting: RHB Guillermo Dettori Pickoff Throw to First - Error! E1
Cisco Gracía to second
0-0: Ball
Wild Pitch!
Cisco Gracía to third
1-0: SINGLE (Flyball, 7LS, EV 74.4 MPH)
Cisco Gracía scores
Batting: LHB Bob Fisher 0-0: Called Strike
Guillermo Dettori steals 2nd base
0-1: Ball
1-1: Ball
2-1: Ball
3-1: Called Strike
3-2: Strikes out swinging
Top of the 2nd over - 3 runs, 5 hits, 1 error, 1 left on base; Chicago 5 - South Beach 0
BOTTOM OF THE 2ND
South Beach Blaze batting - Pitching for Chicago Tula : RHP Motka Vidyasov
Batting: RHB Manny Opio 0-0: Fly out, F4 (Popup, 3S, EV 84.4 MPH)
Batting: RHB Marvin Davenport 0-0: Swinging Strike
0-1: Ball
1-1: Ground out 5-3 (Groundball, 56, EV 91.9 MPH)
Batting: RHB Pablo Peñaranda 0-0: Foul Ball, location: 2F
0-1: Called Strike
0-2: Ball
1-2: Ball
2-2: Ground out 4-3 (Groundball, 4, EV 90.0 MPH)
Bottom of the 2nd over - 0 runs, 0 hits, 0 errors, 0 left on base; Chicago 5 - South Beach 0
TOP OF THE 3RD
Chicago Tula batting - Pitching for South Beach Blaze : RHP Jeremiah Hartney
Batting: RHB Cédric Dumas 0-0: Fly out, F8 (Flyball, 8RD, EV 95.0 MPH)
Batting: LHB Mike Reynolds 0-0: SINGLE (Groundball, 56D, EV 96.9 MPH)
Batting: RHB Chad Brown 0-0: Foul Ball, location: 2F
0-1: Foul Ball, location: 2F
0-2: Ball
1-2: Strikes out swinging
Batting: RHB Joe Smith 0-0: Foul Ball, location: 2F
0-1: Ball
1-1: Swinging Strike
1-2: Strikes out looking
Top of the 3rd over - 0 runs, 1 hit, 0 errors, 1 left on base; Chicago 5 - South Beach 0
BOTTOM OF THE 3RD
South Beach Blaze batting - Pitching for Chicago Tula : RHP Motka Vidyasov
Batting: RHB Juan Tilve 0-0: SINGLE (Line Drive, 9LS, EV 96.2 MPH)
Batting: LHB Enrique Emperador 0-0: Ground out 6-3 (Groundball, 6M, EV 89.4 MPH)
Juan Tilve to second
Batting: LHB Ángel López 0-0: Called Strike
0-1: Ball
1-1: Ball
2-1: Fly out, F5 (Popup, 5L, EV 68.8 MPH)
Batting: LHB Tony Parra 0-0: Ball
1-0: Foul Ball, location: 2F
1-1: 2-RUN HOME RUN (Flyball, 89XD, EV 108.1 MPH), Distance : 430 ft
Batting: RHB Zee-loo Situ 0-0: Called Strike
0-1: Ball
1-1: Called Strike
1-2: Strikes out swinging
Bottom of the 3rd over - 2 runs, 2 hits, 0 errors, 0 left on base; Chicago 5 - South Beach 2
TOP OF THE 4TH
Chicago Tula batting - Pitching for South Beach Blaze : RHP Jeremiah Hartney
Batting: LHB Karl Monks 0-0: Ball
1-0: Ball
2-0: Ball
3-0: Called Strike
3-1: Foul Ball, location: 2F
3-2: Strikes out swinging
Batting: RHB Jeff Weber 0-0: Ball
1-0: Called Strike
1-1: Ball
2-1: Called Strike
2-2: Ball
3-2: Strikes out swinging
Batting: LHB Cisco Gracía 0-0: Ground out U3 (Groundball, 34, EV 90.0 MPH)
Top of the 4th over - 0 runs, 0 hits, 0 errors, 0 left on base; Chicago 5 - South Beach 2
BOTTOM OF THE 4TH
South Beach Blaze batting - Pitching for Chicago Tula : RHP Motka Vidyasov
Batting: RHB Matsuo Ino 0-0: Ball
1-0: Swinging Strike
1-1: Ball
2-1: Foul Ball, location: 2F
2-2: Strikes out swinging
Batting: RHB Manny Opio 0-0: Ball
1-0: Called Strike
1-1: Ball
2-1: Foul Ball, location: 2F
2-2: Ball
3-2: Strikes out swinging
Batting: RHB Marvin Davenport 0-0: Ball
1-0: Ball
2-0: Ball
3-0: Base on Balls
Batting: RHB Pablo Peñaranda 0-0: Foul Ball, location: 2F
0-1: Ball
1-1: Called Strike
1-2: Ball
2-2: Strikes out swinging
Bottom of the 4th over - 0 runs, 0 hits, 0 errors, 1 left on base; Chicago 5 - South Beach 2
TOP OF THE 5TH
Chicago Tula batting - Pitching for South Beach Blaze : RHP Jeremiah Hartney
Batting: RHB Guillermo Dettori 0-0: Ball
1-0: Called Strike
1-1: Ball
2-1: SINGLE (Groundball, 56D, EV 98.8 MPH)
Batting: LHB Bob Fisher 0-0: Foul Ball, location: 2F
0-1: Ball
1-1: Ball
2-1: Ball
3-1: Grounds into double play, 4-6-3 (Groundball, 4, EV 83.8 MPH)
Batting: RHB Cédric Dumas 0-0: Foul Ball, location: 2F
0-1: Foul Ball, location: 2F
0-2: Ball
1-2: Ball
2-2: Strikes out swinging
Top of the 5th over - 0 runs, 1 hit, 0 errors, 0 left on base; Chicago 5 - South Beach 2
BOTTOM OF THE 5TH
South Beach Blaze batting - Pitching for Chicago Tula : RHP Motka Vidyasov
Batting: RHB Juan Tilve 0-0: Swinging Strike
0-1: Swinging Strike
0-2: Foul Ball, location: 2F
0-2: Foul Ball, location: 2F
0-2: Ball
1-2: Strikes out swinging
Batting: LHB Enrique Emperador 0-0: Swinging Strike
0-1: Ball
1-1: Swinging Strike
1-2: Strikes out swinging
Batting: LHB Ángel López 0-0: Ball
1-0: Fly out, F8 (Flyball, 8RM, EV 83.1 MPH)
Bottom of the 5th over - 0 runs, 0 hits, 0 errors, 0 left on base; Chicago 5 - South Beach 2
TOP OF THE 6TH
Chicago Tula batting - Pitching for South Beach Blaze : RHP Jeremiah Hartney
Batting: LHB Mike Reynolds 0-0: Foul Ball, location: 2F
0-1: Ball
1-1: Ball
2-1: Foul Ball, location: 2F
2-2: SINGLE (Groundball, 4S, EV 70.6 MPH) (infield hit)
Batting: RHB Chad Brown 0-0: Bunt missed!
0-1: Sac Bunt to 13S - play at first, batter OUT! 1-4
Mike Reynolds to second
Batting: RHB Joe Smith 0-0: Called Strike
0-1: Ball
1-1: Called Strike
1-2: Foul Ball, location: 2F
1-2: Ball
2-2: Ball
3-2: Fly out, F9 (Flyball, 89M, EV 73.8 MPH)
Batting: LHB Karl Monks 0-0: Called Strike
0-1: Called Strike
0-2: Strikes out swinging, 2-3 out at first.
Top of the 6th over - 0 runs, 1 hit, 0 errors, 1 left on base; Chicago 5 - South Beach 2
BOTTOM OF THE 6TH
South Beach Blaze batting - Pitching for Chicago Tula : RHP Motka Vidyasov
Batting: LHB Tony Parra 0-0: Called Strike
0-1: Ball
1-1: Ball
2-1: Swinging Strike
2-2: Foul Ball, location: 2F
2-2: Strikes out swinging
Batting: RHB Zee-loo Situ 0-0: Ball
1-0: Ball
2-0: Foul Ball, location: 2F
2-1: Called Strike
2-2: Ball
3-2: Strikes out swinging
Batting: RHB Matsuo Ino 0-0: Ball
1-0: Fly out, F9 (Flyball, 89M, EV 81.2 MPH)
Bottom of the 6th over - 0 runs, 0 hits, 0 errors, 0 left on base; Chicago 5 - South Beach 2
TOP OF THE 7TH
Chicago Tula batting - Pitching for South Beach Blaze : RHP Jeremiah Hartney
Pitching: LHP Jude MacPherson
Batting: RHB Jeff Weber 0-0: Ball
1-0: Ball
2-0: Swinging Strike
2-1: Foul Ball, location: 2F
2-2: Ball
3-2: Strikes out looking
Batting: LHB Cisco Gracía 0-0: Called Strike
0-1: Called Strike
0-2: Ball
1-2: Foul Ball, location: 2F
1-2: Strikes out swinging
Batting: RHB Guillermo Dettori 0-0: Foul Ball, location: 2F
0-1: Ball
1-1: Called Strike
1-2: Ground out 5-3 (Groundball, 56, EV 90.6 MPH)
Top of the 7th over - 0 runs, 0 hits, 0 errors, 0 left on base; Chicago 5 - South Beach 2
BOTTOM OF THE 7TH
South Beach Blaze batting - Pitching for Chicago Tula : RHP Motka Vidyasov
Batting: RHB Manny Opio 0-0: Called Strike
0-1: Ball
1-1: Ball
2-1: Ball
3-1: Swinging Strike
3-2: Strikes out swinging
Batting: RHB Marvin Davenport 0-0: Ball
1-0: Foul Ball, location: 2F
1-1: Ball
2-1: Swinging Strike
2-2: Ball
3-2: Fly out, F9 (Line Drive, 9, EV 106.9 MPH)
Batting: RHB Pablo Peñaranda 0-0: Called Strike
0-1: Ball
1-1: Foul Ball, location: 2F
1-2: Ball
2-2: Foul Ball, location: 2F
2-2: Strikes out swinging
Bottom of the 7th over - 0 runs, 0 hits, 0 errors, 0 left on base; Chicago 5 - South Beach 2
TOP OF THE 8TH
Chicago Tula batting - Pitching for South Beach Blaze : LHP Jude MacPherson
Batting: LHB Bob Fisher 0-0: Ball
1-0: Called Strike
1-1: Called Strike
1-2: Foul Ball, location: 2F
1-2: Ball
2-2: Strikes out swinging
Batting: RHB Cédric Dumas 0-0: Called Strike
0-1: Ball
1-1: Ground out 6-3 (Groundball, 56, EV 102.5 MPH)
Batting: LHB Mike Reynolds 0-0: Ball
1-0: Swinging Strike
1-1: Swinging Strike
1-2: Strikes out swinging
Top of the 8th over - 0 runs, 0 hits, 0 errors, 0 left on base; Chicago 5 - South Beach 2
BOTTOM OF THE 8TH
South Beach Blaze batting - Pitching for Chicago Tula : RHP Motka Vidyasov
Pitching: RHP Drees de Lijser
Batting: RHB Juan Tilve 0-0: Ball
1-0: Ball
2-0: Ground out 6-3 (Groundball, 56, EV 91.2 MPH)
Batting: LHB Enrique Emperador 0-0: Called Strike
0-1: Ground out U3 (Groundball, 34, EV 107.5 MPH)
Batting: LHB Ángel López 0-0: Ball
1-0: Fly out, F8 (Flyball, 78D, EV 95.0 MPH)
Bottom of the 8th over - 0 runs, 0 hits, 0 errors, 0 left on base; Chicago 5 - South Beach 2
TOP OF THE 9TH
Chicago Tula batting - Pitching for South Beach Blaze : LHP Jude MacPherson
Batting: RHB Chad Brown 0-0: Ball
1-0: Ball
2-0: Called Strike
2-1: Foul Ball, location: 2F
2-2: Ball
3-2: SINGLE (Flyball, 9LS, EV 95.6 MPH)
Batting: RHB Joe Smith 0-0: Sac Bunt to 15S - play at first, batter OUT! 1-3
Chad Brown to second
Batting: LHB Karl Monks 0-0: Foul Ball, location: 2F
0-1: Called Strike
0-2: Ball
1-2: Ball
2-2: Fly out, F9 (Flyball, 9S, EV 90.0 MPH)
Batting: RHB Jeff Weber 0-0: Ball
1-0: Ground out 5-3 (Groundball, 56S, EV 85.6 MPH)
Top of the 9th over - 0 runs, 1 hit, 0 errors, 1 left on base; Chicago 5 - South Beach 2
BOTTOM OF THE 9TH
South Beach Blaze batting - Pitching for Chicago Tula : RHP Drees de Lijser
Pitching: RHP Rusty Williams
Batting: LHB Tony Parra 0-0: Ball
1-0: Foul Ball, location: 2F
1-1: SINGLE (Groundball, 4D, EV 103.1 MPH)
Batting: RHB Zee-loo Situ 0-0: Called Strike
0-1: SINGLE (Line Drive, 8RS, EV 95.6 MPH)
Tony Parra to second
Batting: RHB Matsuo Ino 0-0: Ball
1-0: DOUBLE (Flyball, 8RXD, EV 105.0 MPH)
Tony Parra scores
Zee-loo Situ to third
Batting: RHB Manny Opio 0-0: Fly out, F8 (Line Drive, 8LD, EV 88.1 MPH)
Batting: RHB Marvin Davenport 0-0: Ball
1-0: Ground out 4-3 (Groundball, 4, EV 92.5 MPH)
Zee-loo Situ scores
Matsuo Ino to third
Pinch Hitting: LHB Furgentley Jamanica 0-0: Foul Ball, location: 2F
0-1: Ball
1-1: Ball
2-1: Ball
3-1: Base on Balls
Batting: RHB Juan Tilve 0-0: Ball
1-0: Called Strike
1-1: Fielders Choice at 2nd, 5-4 (Groundball, 56, EV 82.5 MPH)
Bottom of the 9th over - 2 runs, 3 hits, 0 errors, 2 left on base; Chicago 5 - South Beach 4
Friday, March 26th, 2021 - OOTP Baseball 20.8 Build 74